cohdb
Replays
Latest Replays
All Replays
Popular Replays
Top Player Replays
Match Explorer
How It Works
Community
CoH3 Stats
Reddit
Sign in to upload your games and track your stats! →
Sign in with Steam
Match 42233367
Unlisted
Match 42233367
Overview
Messages
Build Orders
End
Construct Infanterie Kompanie
Selects Mechanized Battlegroup
MG 42 Machine Gun Team
Grenadier Squad
Grenadier Squad
Grenadier Squad
Medical Station
Infanterie Officer Quarters
Pioneer Squad
Grenadier Squad
Selects Raid Package
Construct Luftwaffe Kompanie
Jäger Squad
Pioneer Squad
Selects StuG Assault Group
StuG Assault Group
Selects UNKNOWN (2160084)
Exela
Bootyquake
0
0
Comments
sign in to comment!
No comments posted yet!